 Dungeon Crawl Stone Soup version 0.31.0-1-g2c135a008e (webtiles) character file.

Game seed: 9881582982592201389

454 qw the Shooter (level 7, -9/52 HPs)
             Began as a Djinni Hunter on Jan 24, 2024.
             Killed by divine providence
             ... invoked by an orc priest
              (12 damage)
             ... on level 4 of the Dungeon.
             The game lasted 00:00:12 (2109 turns).

qw the Shooter (Djinni Hunter)                      Turns: 2109, Time: 00:00:12

Health: -9/52      AC: 10    Str: 10    XL:     7   Next: 26%
Gold:   191        EV: 11    Int: 10    God:
                   SH:  0    Dex: 19

rFire   + + .        a - +0 shortbow
rCold   x . .        (shield currently unavailable)
rNeg    . . .        m - +0 ring mail
rPois   inf          (no helmet)
rElec   .            (no cloak)
rCorr   .            d - +2 pair of gloves
SInv    .            (boots unavailable)
Will    .....        (no amulet)
Stlth   +            (no ring)
HPRegen 0.28/turn    (no ring)
MPRegen 0.00/turn

%: infuse magic (-10 HP)
@: flying
A: sickness immunity, fire resistance 2, cold vulnerability 1, float, innate
caster, HP casting, extra vitality 1, iridescent scales 1, sense surroundings 1
a: no special abilities


You were on level 4 of the Dungeon.
You visited 1 branch of the dungeon, and saw 4 of its levels.

You collected 191 gold pieces.


Innate Abilities, Weirdness & Mutations

You are immune to sickness and miasma.
You are immune to poison.
Your flesh is very heat resistant. (rF++)
You are vulnerable to cold. (rC-)
You float through the air rather than walking.
You learn spells naturally, not from books.
Your magical power is your life essence.
You have superior vitality. (+4 MHP)
You are partially covered in iridescent scales. (AC +2)
You passively map a small area around you.


   Skills:
 - Level 4.0 Fighting
 + Level 5.7 Ranged Weapons
 - Level 1.0 Armour
 - Level 3.1 Dodging
 - Level 0.7 Stealth


You knew the following spells:

 Your Spells              Type           Power      Damage    Failure   Level
a - Summon Small Mammal   Summ           0%         N/A       67%         1
b - Searing Ray           Conj           0%         2d4       82%         2
c - Momentum Strike       Conj/Tloc      0%         3d8       82%         2
Your spell library was empty.

Inventory:

Hand Weapons
 a - a +0 shortbow (weapon)
Armour
 d - a +2 pair of gloves (worn)
 m - a +0 ring mail (worn)
Scrolls
 c - a scroll of immolation {unknown}
 e - a scroll of enchant armour
Potions
 b - 2 potions of cancellation
 g - 3 potions of curing
 h - a potion of enlightenment
 j - 2 potions of heal wounds {unknown}

Dungeon Overview and Level Annotations

Branches:
Dungeon (4/15)
 Temple: D:4-7

Altars:


Message History

The orc cheers to no one in particular.
The gnoll closely misses you.
You shoot an arrow. The arrow hits the gnoll!
You kill the gnoll!
The gnoll hits you with a +0 heavy flail!
You shoot an arrow. The arrow hits the gnoll!
The gnoll is heavily wounded.
You shoot an arrow. The arrow hits the gnoll.
The gnoll is almost dead.
The gnoll is no longer moving quickly.
The gnoll hits you with a +0 heavy flail.
You shoot an arrow. The arrow hits the gnoll.
You kill the gnoll!
The gnoll closely misses you.
You shoot an arrow. The arrow hits the gnoll.
The gnoll is moderately wounded.
The gnoll is no longer moving quickly.
The gnoll hits you with a +0 flail.
You shoot an arrow. The arrow hits the gnoll!
You kill the gnoll!
The orc priest begins to cast a cantrip, but forgets the words!
The orc hits you with a +0 whip.
Your Fighting skill increases to level 4!
You shoot an arrow.
The arrow hits the orc but does no damage.
The orc barely misses you.
You shoot an arrow.
The arrow hits the orc but does no damage.
The orc misses you.
The orc suddenly curses.
You shoot an arrow.
The arrow hits the orc but does no damage.
The orc hits you but does no damage.
You shoot an arrow.
The arrow hits the orc but does no damage.
The orc barely misses you. The orc hits you but does no damage.
You shoot an arrow. The arrow hits the orc.
The orc is lightly wounded.
The orc priest invokes the aid of Beogh against you.
Beogh smites you!
You die...

, + #####++######* * ,
............ ~ * ,
...g......., * ,,,g......o. ,
,...... , * * *##''##*
#######oo..# * ,,
+....@ooo..+ ~#* +# ,,
#######oo..# * *
~#...#############''''#####
***
~#.og#.....................,,
, ~#####~~~~~~~~~~~~....~~~~~
~~~~~~~~~~~~~~~~~~....~~~~~
~~~~~~~~~~~~~~~~~~....~~~~~
P..........................
........).......)........>.


You could see an orc priest and 6 orcs.

Vanquished Creatures
  Grinder (D:3)
  A bombardier beetle (D:3)
  A gnoll bouda (D:4)
  6 gnolls
  8 adders
  A ribbon worm (D:2)
  2 dart slugs
  4 orcs
  3 ball pythons
  6 bats
  5 endoplasms
  2 giant cockroaches (D:3)
  7 goblins
  8 hobgoblins
  6 jackals
  7 kobolds
  4 quokkas
  A frilled lizard (D:1)
  5 rats
78 creatures vanquished.

Notes
Turn   | Place    | Note
-------+----------+-------------------------------------------
     0 | D:1      | qw the Djinni Hunter began the quest for the Orb.
     0 | D:1      | Reached XP level 1. HP: 18/18 MP: 0/0
     0 | D:1      | 0 ||| qw: Version: 0.3-a-136-gdd3b4e8
     0 | D:1      | 0 ||| qw: Game counter: 1407
     0 | D:1      | 0 ||| qw: Melee chars always use a shield: true
     0 | D:1      | 0 ||| qw: God list: Okawaru
     0 | D:1      | 0 ||| qw: Allow faded altars: false
     0 | D:1      | 0 ||| qw: Do Orc after clearing Dungeon:15 true
     0 | D:1      | 0 ||| qw: Do second Lair branch before Depths: true
     0 | D:1      | 0 ||| qw: Lair rune preference: random
     0 | D:1      | 0 ||| qw: Goals: Normal
     0 | D:1      | 0 ||| PLANNING D:1-11
    53 | D:1      | Reached XP level 2. HP: 23/23 MP: 0/0
    73 | D:1      | 73 ||| UPGRADING to +2 pair of gloves.
   297 | D:1      | Found a faded altar of an unknown god.
   342 | D:1      | Reached XP level 3. HP: 28/28 MP: 0/0
   342 | D:1      | Learned a level 1 spell: Summon Small Mammal
   380 | D:1      | 380 ||| DRINKING 2 bubbling orange potions.
   383 | D:1      | Reached skill level 4 in Ranged Weapons
   386 | D:1      | 386 ||| DROPPING scroll of butterflies.
   387 | D:1      | 387 ||| DROPPING potion of invisibility.
   656 | D:1      | 656 ||| READING scroll labelled YFOTOO IDDIJI.
   796 | D:2      | Reached XP level 4. HP: 34/34 MP: 0/0
   824 | D:2      | Reached skill level 3 in Fighting
   913 | D:2      | 913 ||| READING scroll labelled ZALIFO ULUX.
  1157 | D:2      | 1157 ||| READING scroll labelled LANURA IMAR.
  1157 | D:2      | 1157 ||| IDENTIFYING grey potion
  1158 | D:2      | 1158 ||| READING scroll labelled AHUWIE SYKONT.
  1158 | D:2      | 1158 ||| ENCHANTING +0 shortbow.
  1159 | D:2      | 1159 ||| DRINKING 2 dark potions.
  1160 | D:2      | 1160 ||| DROPPING potion of attraction.
  1284 | D:3      | Reached skill level 3 in Dodging
  1299 | D:3      | Reached XP level 5. HP: 15/40 MP: 0/0
  1299 | D:3      | Learned a level 2 spell: Searing Ray
  1655 | D:3      | Noticed Grinder
  1666 | D:3      | 1666 ||| FLEEEEING.
  1669 | D:3      | 1669 ||| FLEEEEING.
  1670 | D:3      | 1670 ||| FLEEEEING.
  1674 | D:3      | Paralysed by Grinder for 4 turns
  1682 | D:3      | Killed Grinder
  1683 | D:3      | Reached skill level 5 in Ranged Weapons
  1683 | D:3      | Reached XP level 6. HP: 30/46 MP: 0/0
  1871 | D:3      | 1871 ||| UPGRADING to +0 ring mail.
  1881 | D:3      | 1881 ||| DROPPING +0 leather armour.
  1882 | D:3      | 1882 ||| READING scroll of identify.
  1882 | D:3      | 1882 ||| IDENTIFYING black potion
  1883 | D:3      | 1883 ||| READING scroll labelled ZOMUTE JASUCWO.
  1884 | D:3      | 1884 ||| READING scroll labelled WEMNEUJIKH.
  1885 | D:3      | 1885 ||| DRINKING 3 fizzy orange potions.
  1886 | D:3      | 1886 ||| DRINKING 2 pink potions.
  1887 | D:3      | 1887 ||| DRINKING 2 fizzy blue potions.
  1887 | D:3      | Gained mutation: Your spells are a little easier to cast,
                  | but a little less powerful. [potion of mutation]
  1887 | D:3      | Gained mutation: You are robust. (+10% HP) [potion of
                  | mutation]
  1901 | D:3      | 1901 ||| DRINKING potion of mutation.
  1901 | D:3      | Lost mutation: Your spells are a little easier to cast, but
                  | a little less powerful. [potion of mutation]
  1901 | D:3      | Lost mutation: You are robust. (+10% HP) [potion of
                  | mutation]
  1901 | D:3      | Gained mutation: You are partially covered in iridescent
                  | scales. (AC +2) [potion of mutation]
  1901 | D:3      | Gained mutation: You passively map a small area around you.
                  | [potion of mutation]
  1902 | D:3      | 1902 ||| DROPPING potion of lignification.
  1979 | D:4      | Reached skill level 1 in Armour
  1994 | D:4      | Reached XP level 7. HP: 50/50 MP: 0/0
  1994 | D:4      | Learned a level 2 spell: Momentum Strike
  2072 | D:4      | 2072 ||| RETREEEEATING.
  2073 | D:4      | 2073 ||| RETREEEEATING.
  2075 | D:4      | 2075 ||| RETREEEEATING.
  2099 | D:4      | HP: 10/51 [gnoll/+0 heavy flail (8)]
  2103 | D:4      | HP: 2/51 [gnoll/+0 flail (5)]
  2109 | D:4      | Killed from afar by an orc priest

Levels and vault maps discovered:
D:1:      minmay_arrival_checkered_box, layout_basic,
          shapermc_ecumenical_altar_mp_highgroup, serial_glass, glass_columns_a,
          glass_columns_b, feat_on_display, minmay_strange_pillars,
          due_unseen_surprise, feat_on_display
D:2:      layout_rooms, kennysheep_cross_room
D:3:      minmay_spotlight, layout_basic, item_on_display_a, uniq_grinder
D:4:      lemuel_castle_with_subvaults [lemuel_castle_interior_original],
          layout_basic, serial_shops, nicolae_shop_tiny_glass

Skill      XL: |  1  2  3  4  5  6  7 |
---------------+----------------------+-----
Ranged Weapons | 4 5 |  5.7
Fighting       | 3 4 |  4.0
Dodging        | 3 |  3.1
Armour         | 1 |  1.0
Stealth        | |  0.7

Action                     |  1- 3 |  4- 6 |  7- 9 || total
---------------------------+-------+-------+-------++-------
   Fire: Shortbow          |    89 |   151 |    61 ||   301
    Use: Scroll            |     1 |     6 |       ||     7
         Potion            |     1 |     5 |       ||     6
 Armour: Leather armour    |    24 |    48 |       ||    72
         Ring mail         |       |    10 |    22 ||    32
  Dodge: Dodged            |    40 |    69 |    40 ||   149

Table legend:
 A = Non-vault XP
 B = Vault XP
 C = Vault XP percentage of total XP
 D = Non-vault monster count
 E = Vault monster count
 F = Vault count percentage of total count
                 A         B        C        D         E       F
            +---------+---------+-------+---------+---------+-------
      Total |     227 |     422 |  65.0 |      63 |      15 |  19.2
            +---------+---------+-------+---------+---------+-------
        D:1 |      35 |       0 |   0.0 |      21 |       0 |   0.0
        D:2 |      54 |       0 |   0.0 |      17 |       0 |   0.0
        D:3 |      84 |     303 |  78.3 |      16 |       5 |  23.8
        D:4 |      54 |     119 |  68.8 |       9 |      10 |  52.6
            +---------+---------+-------+---------+---------+-------
